[Event "*** SCC Grand Prix: Titled Tuesday Blitz"]
[Site "Chess.com"]
[Date "2020.07.07"]
[Round "9"]
[White "xberli"]
[Black "ClassyEl"]
[Result "0-1"]
[WhiteElo "2302"]
[BlackElo "2455"]
[TimeControl "180+1"]
[EndTime "11:46:45 PDT"]
[Termination "ClassyEl won by checkmate"]

1. e4 d6 2. d4 Nf6 3. Nc3 c6 4. Nf3 Bg4 5. h3 Bh5 6. Be3 e6 7. Qe2 d5 8. e5 Nfd7 9. O-O-O a6 10. g4 Bg6 11. Bg5 Be7 12. Qe3 h6 13. Bxe7 Qxe7 14. h4 c5 15. h5 Bh7 16. Bd3 Bxd3 17. Rxd3 Nc6 18. Ne2 c4 19. Rdd1 b5 20. Rdg1 b4 21.
g5 Nb6 22. gxh6 gxh6 23. Rg7 a5 24. Qf4 b3 25. a3 bxc2 26. Rhg1 Rb8 27. Nc3 Nd7 28.
Rg8+ Rxg8 29. Rxg8+ Nf8 30. Qxh6 Kd7 31. Qg5 Qxg5+ 32.
Rxg5 Ke7 33. Rg7 Nd7 34. Ne2 Rh8 35. Rg5 Rh7 36. Kxc2 f6 37. exf6+ Nxf6 38. Nf4 Ne4 39. Rg6 Rf7 40. Nxe6 Rxf3 41. h6 Rxf2+ 42. Kc1 Rh2 43. Nf4 Nxd4 44. Nxd5+ Kd7 45. Nf6+ Nxf6 46. Rxf6 Nb3+ 47. Kb1 Rh1+ 48. Kc2 Rc1# 0-1

[Event "*** SCC Grand Prix: Titled Tuesday Blitz"]
[Site "Chess.com"]
[Date "2020.07.07"]
[Round "9"]
[White "1f3_2g41-0"]
[Black "ErikBlomqvist"]
[Result "0-1"]
[WhiteElo "2307"]
[BlackElo "2516"]
[TimeControl "180+1"]
[EndTime "11:46:46 PDT"]
[Termination "ErikBlomqvist won on time"]

1. e4 c5 2. Nf3 e6 3. d4 cxd4 4. Nxd4 a6 5. c4 Nf6 6. Nc3 Qc7 7. Nc2 b6 8. Bd3 Bb7 9. O-O Be7 10. Be3 d6 11. f4 Nbd7 12. Rc1 Nc5 13. b4 Nxd3 14. Qxd3 Rc8 15. Na3 O-O 16. Bd4 Nd7 17. f5 Bf6 18. Kh1 Bxd4 19. Qxd4 Ne5 20. Na4 exf5 21. Nxb6 Bxe4 22. Nxc8 Rxc8 23. c5 Nd3 24. Rc3 dxc5 25. bxc5 Rd8 26. Qe3 Qc6 27. Qg5 Rd7 28.
Rb3 h6 29. Qg3 f4 30. Qg4 f5 31. Qe2 Qxc5 32. Nc2 Ne5 33. Ne1 Ng4 34. h3 Ne3 35.
Rxf4 Rd1 36. Rxe3 Qc1 0-1

[Event "*** SCC Grand Prix: Titled Tuesday Blitz"]
[Site "Chess.com"]
[Date "2020.07.07"]
[Round "9"]
[White "Maaikee"]
[Black "Jbd735"]
[Result "0-1"]
[WhiteElo "2293"]
[BlackElo "2442"]
[TimeControl "180+1"]
[EndTime "11:46:46 PDT"]
[Termination "Jbd735 won by checkmate"]

1. e4 e5 2. Nf3 Nc6 3. Bb5 a6 4. Ba4 Nf6 5. d3 d6 6. c3 g6 7. h3 Bg7 8. O-O O-O 9. Be3 b5 10. Bc2 d5 11. Nbd2 Bb7 12. Nb3 Re8 13. Nc5 Bc8 14. Re1 Qd6 15. b4 d4 16. cxd4 Nxd4 17.
Nxd4 exd4 18. Bd2 Nd7 19. Nb3 Bb7 20. Na5 Bc8 21. Qf3 Rb8 22. Bb3 Ne5 23. Qg3 Be6 24.
Rac1 Bxb3 25. Nxb3 Rbc8 26. a3 Qb6 27. Bf4 f6 28.
Bxe5 fxe5 29. Rc5 Re7 30. Rec1 Qe6 31. Na5 Qa2 32. Nc6 Rf7 33. R1c2 Qa1+ 34. Kh2 Bh6 35. Qg4 Rcf8 36. Nxe5 Bf4+ 37. g3 Bxe5 38. Kg2 Qe1 39. Qe6 Bd6 40. Rc6 Kg7 41. e5 Rxf2+ 42. Rxf2 Rxf2# 0-1

[Event "*** SCC Grand Prix: Titled Tuesday Blitz"]
[Site "Chess.com"]
[Date "2020.07.07"]
[Round "9"]
[White "mortngabriel"]
[Black "Th3_Hound"]
[Result "0-1"]
[WhiteElo "2324"]
[BlackElo "2519"]
[TimeControl "180+1"]
[EndTime "11:46:46 PDT"]
[Termination "Th3_Hound won by resignation"]

1. d4 Nf6 2. c4 g6 3. Nc3 d5 4. Nf3 Bg7 5. h4 O-O 6. cxd5 Nxd5 7. h5 c5 8. e4 Nxc3 9. bxc3 cxd4 10. cxd4 Bg4 11.
hxg6 hxg6 12. Bh6 Bxf3 13. Qxf3 Qxd4 14. Rd1 Qc3+ 15. Qxc3 Bxc3+ 16. Ke2 Bg7 17. Be3 Nc6 18. Rd7 b5 19. f3 Rfd8 20. Rc7 Rac8 21. Rb7 a6 22. Kf2 Na5 23. Rxe7 Rc2+ 24. Kg3 Nc4 25. Bg5 Rf8 26. a4 bxa4 27. Ra7 a3 28. Rxa6 Be5+ 29. Kg4 Bb2 30. f4 Ne3+ 31. Kf3 Nxf1 32. Rxf1 Rfc8 33.
e5 R2c3+ 34. Kg4 R3c6 35. Ra4 Rc2 36. g3 R2c4 37. Rxc4 Rxc4 38. Bf6 Rc6 39. Rg1 Rxf6 40. Rh1 Ra6 0-1

[Event "*** SCC Grand Prix: Titled Tuesday Blitz"]
[Site "Chess.com"]
[Date "2020.07.07"]
[Round "9"]
[White "realmadridtv"]
[Black "AndrewDGreen"]
[Result "1-0"]
[WhiteElo "2467"]
[BlackElo "2351"]
[TimeControl "180+1"]
[EndTime "11:46:49 PDT"]
[Termination "realmadridtv won by resignation"]

1. e4 c5 2. Nf3 g6 3. c4 Nc6 4. d4 cxd4 5. Nxd4 Nf6 6. Nc3 Nxd4 7. Qxd4 d6 8. Be3 Bg7 9. f3 O-O 10. Qd2 Be6 11. Rc1 Qa5 12. b3 Rfc8 13. Bd3 a6 14. Na4 Qxd2+ 15. Kxd2 Nd7 16. f4 f5 17. h3 Rf8 18. Nb6 Nxb6 19. Bxb6 fxe4 20. Bxe4 Rxf4 21.
Bxb7 Rb8 22. Be3 Bh6 23. Bf3 Rxf3 24. gxf3 Bg7 25. h4 a5 26. h5 Bf5 27. h6 Bf6 28. c5 dxc5 29. Rxc5 a4 30. Bf4 Rb4 31. Be5 axb3 32.
Kc3 Rf4 33. Bxf6 Rxf3+ 34. Kb2 exf6 35. axb3 g5 36. Rc7 Be6 37. Rg7+ Kh8 38. Rb7 g4 39. Re1 Bg8 40. Re8 Rf5 41. Rg7 1-0

[Event "*** SCC Grand Prix: Titled Tuesday Blitz"]
[Site "Chess.com"]
[Date "2020.07.07"]
[Round "9"]
[White "Margarita2907"]
[Black "LaPorfia"]
[Result "0-1"]
[WhiteElo "2095"]
[BlackElo "2222"]
[TimeControl "180+1"]
[EndTime "11:46:49 PDT"]
[Termination "LaPorfia won by checkmate"]

1. e4 d5 2. exd5 Nf6 3. Nf3 Bg4 4. Be2 Qxd5 5. Nc3 Qh5 6. h3 Nc6 7. O-O O-O-O 8. hxg4 Nxg4 9. d3 e5 10. Be3 f5 11. Qc1 e4 12. dxe4 Nce5 13. Bf4 Bd6 14.
Nh2 g5 15. Bxg4 Nxg4 16. Bxd6 Rxd6 17. Nxg4 fxg4 18. Rd1 Rh6 19. Kf1 g3 20. Qe3 gxf2 21.
Kxf2 Rf8+ 22. Ke1 Qh1+ 23. Kd2 Qxg2+ 24. Kc1 Rh2 25. Qd3 b6 26. Kb1 Kb7 27. Qd5+ Kb8 28.
Qd3 Rf6 29. Qd8+ Kb7 30. Qd5+ c6 31. Qd7+ Ka6 32. Qd3+ b5 33. a4 Kb6 34. axb5 c5 35.
Qd8+ Kb7 36. Qxf6 Qxc2+ 37. Ka2 Qxb2# 0-1

[Event "*** SCC Grand Prix: Titled Tuesday Blitz"]
[Site "Chess.com"]
[Date "2020.07.07"]
[Round "9"]
[White "coalescenet"]
[Black "BlackBoarder"]
[Result "0-1"]
[WhiteElo "2414"]
[BlackElo "2604"]
[TimeControl "180+1"]
[EndTime "11:46:50 PDT"]
[Termination "BlackBoarder won by resignation"]

1. d4 e6 2. Nf3 Nf6 3. c4 d5 4. Nc3 Bb4 5. e3 O-O 6. Bd3 dxc4 7. Bxc4 a6 8. O-O b5 9. Bd3 Bb7 10. a4 bxa4 11. Rxa4 Bd6 12. e4 Be7 13. Bg5 Nbd7 14. Qb3 Nb6 15. Ra5 h6 16. Bf4 Nfd7 17. Rfa1 c5 18. e5 cxd4 19. Ne2 Nc5 20. Qd1 Bxf3 21.
gxf3 Nd5 22. Be4 Nxf4 23. Nxf4 Rb8 24. Bc2 Rxb2 25. R1a4 Nxa4 26. Rxa4 Qc7 27. Bd3 Qxe5 28. Ne2 a5 29. Rxd4 Bb4 30. Re4 Qd5 31. Kg2 Rd2 32.
Nf4 Rxd1 33. Nxd5 exd5 34. Rd4 Rd2 35. Rxd5 g6 36. h4 Rc8 37. f4 Kg7 38. h5 Rc3 39.
Be4 Rxd5 40. Bxd5 gxh5 41. Kh2 a4 0-1

[Event "*** SCC Grand Prix: Titled Tuesday Blitz"]
[Site "Chess.com"]
[Date "2020.07.07"]
[Round "9"]
[White "jonychess03"]
[Black "RoelandPruijssers"]
[Result "0-1"]
[WhiteElo "2308"]
[BlackElo "2595"]
[TimeControl "180+1"]
[EndTime "11:46:52 PDT"]
[Termination "RoelandPruijssers won on time"]

1. c4 f5 2. Nc3 Nf6 3. g3 g6 4. Bg2 Bg7 5. Nf3 O-O 6. d4 d6 7.
O-O Nc6 8. Bg5 Ne4 9. Nxe4 fxe4 10. Nd2 Nxd4 11. Nxe4 Bg4 12. Re1 Qd7 13. Qd2 e5 14. Rac1 c6 15. c5 d5 16. Nd6 a5 17.
Be3 b6 18. Bxd4 exd4 19. b4 axb4 20. Qxb4 bxc5 21. Qxc5 Be5 22. Bxd5+ cxd5 23. Qxd5+ Qe6 24. Qxe6+ Bxe6 25. Nc4 Bg7 26. Rc2 Rfc8 27. Rec1 Bh6 28. e3 d3 29. Rc3 Rxc4 30. Rxc4 d2 31. Rd1 Bxc4 32. Rxd2 Rxa2 33. Rd8+ Bf8 34. Kg2 Bb5 35. e4 Bc6 36. Rd4 Bg7 37. Rc4 Bb7 38. Rb4 Rb2 0-1

[Event "*** SCC Grand Prix: Titled Tuesday Blitz"]
[Site "Chess.com"]
[Date "2020.07.07"]
[Round "9"]
[White "Efremov_Vlad"]
[Black "alfiefischer77"]
[Result "1-0"]
[WhiteElo "2213"]
[BlackElo "2275"]
[TimeControl "180+1"]
[EndTime "11:46:52 PDT"]
[Termination "Efremov_Vlad won by resignation"]

1. d4 Nf6 2. c4 e6 3. Nf3 Bb4+ 4. Bd2 Qe7 5. g3 Nc6 6. Nc3 O-O 7. Bg2 Na5 8. b3 b6 9. O-O Bb7 10. Qc2 d5 11. Ne5 c5 12. a3 Bxa3 13. Rxa3 cxd4 14.
Nb1 Nc6 15. Nxc6 Bxc6 16. b4 Rac8 17. Qa2 Rc7 18. b5 Ba8 19. Ra4 Rd8 20. Bf4 e5 21. Bg5 e4 22. Nd2 h6 23. Bxf6 Qxf6 24.
Rxa7 Rxa7 25. Qxa7 Qg5 26. Qxb6 dxc4 27. Nxc4 d3 28.
exd3 exd3 29. Bxa8 Rxa8 30. Qc6 Rd8 31. b6 d2 32.
Nxd2 Qxd2 33. b7 Qb4 34. Qc7 Rf8 35. Rc1 g6 36. Qc8 Qb2 37. Qxf8+ Kxf8 38. Rc8+ Kg7 39.
b8=Q Qa1+ 40. Kg2 Qa6 41. Qb2+ f6 1-0

[Event "*** SCC Grand Prix: Titled Tuesday Blitz"]
[Site "Chess.com"]
[Date "2020.07.07"]
[Round "9"]
[White "Ati1517"]
[Black "Ze-Pequeno"]
[Result "1-0"]
[WhiteElo "2364"]
[BlackElo "2230"]
[TimeControl "180+1"]
[EndTime "11:46:53 PDT"]
[Termination "Ati1517 won by checkmate"]

1. d4 Nf6 2. c4 g6 3. Nc3 d5 4. cxd5 Nxd5 5. e4 Nxc3 6. bxc3 Bg7 7. Nf3 c5 8. Be3 Nc6 9. Be2 Bg4 10. e5 O-O 11. O-O cxd4 12. cxd4 Be6 13. a3 a6 14. Rb1 b5 15. h3 Bd5 16. Ng5 Qa5 17. Bf3 Rad8 18.
Bxd5 Rxd5 19. Qf3 e6 20. Ne4 Nxd4 21. Bxd4 Rxd4 22. Nf6+ Kh8 23. Rfd1 Qd8 24. Rxd4 Qxd4 25. Re1 Rd8 26. Kh2 h5 27. Re4 Qd3 28. Qf4 Qxa3 29.
Nxh5 gxh5 30. Qxf7 Qf8 31. Qxh5+ Kg8 32. Rg4 Rd7 33. Qg6 Re7 34. f4 Qf7 35. Qc2 Qf5 36.
Qd1 Rf7 37. Qd8+ Rf8 38. Qc7 b4 39. Qxg7# 1-0

[Event "*** SCC Grand Prix: Titled Tuesday Blitz"]
[Site "Chess.com"]
[Date "2020.07.07"]
[Round "9"]
[White "Zarinur"]
[Black "Morshynska"]
[Result "0-1"]
[WhiteElo "2029"]
[BlackElo "2179"]
[TimeControl "180+1"]
[EndTime "11:46:53 PDT"]
[Termination "Morshynska won on time"]

1. e4 c5 2. Nf3 a6 3. c3 g6 4.
d4 cxd4 5. cxd4 Bg7 6. Nc3 b5 7. Be3 Bb7 8. a3 d6 9. Bd3 Nf6 10. h3 O-O 11. O-O h6 12. Qe2 e6 13. Rad1 Nbd7 14.
Bc1 Qe7 15. Rfe1 Rac8 16. Bb1 Nb6 17. Nh2 Nc4 18. Qd3 Rc7 19. b3 Na5 20. Bb2 Rfc8 21. Ba2 d5 22. e5 Ne4 23. Nxe4 dxe4 24. Qd2 Rc2 25. Qxa5 Rxb2 26. Rd2 Rxd2 27. Qxd2 Qxa3 28.
Ng4 Kh7 29. Bb1 Qxb3 30. Qf4 Rc7 31. Bxe4 Bxe4 32. Qxe4 Qc2 33. Qe3 Qf5 34. h4 Qxg4 35.
f3 Qxh4 36. Ra1 Rc6 37. Ra5 Qg5 0-1

[Event "*** SCC Grand Prix: Titled Tuesday Blitz"]
[Site "Chess.com"]
[Date "2020.07.07"]
[Round "9"]
[White "vladislavkovalev"]
[Black "rasmussvane"]
[Result "1-0"]
[WhiteElo "2951"]
[BlackElo "2882"]
[TimeControl "180+1"]
[EndTime "11:46:55 PDT"]
[Termination "vladislavkovalev won on time"]

1. e4 c6 2. Nf3 d5 3. Nc3 dxe4 4. Nxe4 Nf6 5. Qe2 Nxe4 6. Qxe4 Qa5 7. Bc4 Bf5 8. Qf4 e6 9. c3 Qd8 10. d4 Bd6 11. Qg5 O-O 12. Qxd8 Rxd8 13. Be3 Nd7 14. O-O-O Bg4 15. Be2 Nb6 16. h3 Bxf3 17. Bxf3 Nd5 18. Bg5 Bf4+ 19. Bxf4 Nxf4 20. Kc2 Rd6 21. Rhe1 Rad8 22.
a4 a5 23. Re5 b6 24. g3 Ng6 25. Ree1 Kf8 26. h4 h6 27. Be4 Ne7 28. h5 Nd5 29.
f4 c5 30. Bxd5 Rxd5 31. dxc5 bxc5 32. Rxd5 Rxd5 33. Re5 Ke7 34. b4 Kd6 35. bxa5 f6 36. a6 Kc7 37. Rxe6 Rxh5 38. Re7+ Kb8 39. Rxg7 c4 40. Kb2 1-0

[Event "*** SCC Grand Prix: Titled Tuesday Blitz"]
[Site "Chess.com"]
[Date "2020.07.07"]
[Round "9"]
[White "gliglu"]
[Black "Fighter008"]
[Result "1-0"]
[WhiteElo "2415"]
[BlackElo "2557"]
[TimeControl "180+1"]
[EndTime "11:46:55 PDT"]
[Termination "gliglu won on time"]

1. d4 Nf6 2. c4 g6 3. Nc3 Bg7 4. e4 d6 5. Bd3 O-O 6. Nge2 e5 7. d5 a5 8. O-O Na6 9. f3 h5 10. Be3 Nh7 11. Qd2 f5 12. exf5 gxf5 13. Rae1 Qf6 14.
Bc2 Qg6 15. f4 e4 16. Bd4 Bd7 17. Bxg7 Qxg7 18. Nd4 Nc5 19. Re3 Kh8 20. Nce2 Nf6 21.
h3 a4 22. Rg3 Qh6 23. Qe3 Rg8 24. Rg5 Qh7 25. Ng3 Rae8 26. Ngxf5 Bxf5 27. Nxf5 Rxg5 28. fxg5 Nfd7 29. Nh4 Ne5 30. Rf6 Kg8 31. Nf5 Ncd7 32. Re6 Rxe6 33. dxe6 Qxf5 34. exd7 Qxd7 35. Qxe4 Qf7 36. g6 Qxc4 37. Qf5 Qd4+ 38. Kh2 h4 39. g7 Kxg7 40. Qg5+ Kf7 41. Bf5 1-0

[Event "*** SCC Grand Prix: Titled Tuesday Blitz"]
[Site "Chess.com"]
[Date "2020.07.07"]
[Round "9"]
[White "cassoulet"]
[Black "Grandelicious"]
[Result "1-0"]
[WhiteElo "2659"]
[BlackElo "2771"]
[TimeControl "180+1"]
[EndTime "11:46:56 PDT"]
[Termination "cassoulet won on time"]

1. e4 c5 2. Nf3 d6 3. d4 cxd4 4. Nxd4 Nf6 5. Nc3 Nc6 6. Bc4 Qb6 7. Nde2 e6 8. O-O Be7 9. Bb3 O-O 10. Be3 Qc7 11.
Ng3 a6 12. f4 Na5 13. Qd4 b5 14. Rae1 Bb7 15. h3 Rac8 16. Kh2 Nc4 17. Bc1 Rfd8 18. Qf2 d5 19. e5 Bc5 20. Qe2 Nd7 21. Bxc4 bxc4 22.
f5 Re8 23. fxe6 Rxe6 24. Bf4 Rce8 25. Qg4 Rg6 26. e6 fxe6 27. Bxc7 Rxg4 28. hxg4 Nf6 29. Kh3 Bb4 30. Be5 Nd7 31. a3 Ba5 32. Nh5 Re7 33. Bd6 Re8 34. Nf4 d4 35. Ne4 Bxe1 36. Rxe1 e5 37. Nh5 Re6 38. Bb4 h6 39. Nc5 Nxc5 40. Bxc5 d3 41. cxd3 cxd3 42. Bb4 e4 43. Bd2 Rb6 44. Bc3 Rb5 45. Nf4 a5 46. Kg3 a4 47. Kf2 Rg5 48. g3 Rxg4 49. Ne6 Rg6 50. Nc5 Bd5 51. Nxe4 Re6 52. Nc5 Rc6 53. Nxd3 Bb3 54.
Re7 Rg6 55. Nf4 Rg4 56. Rc7 g5 57. Nh5 1-0

[Event "*** SCC Grand Prix: Titled Tuesday Blitz"]
[Site "Chess.com"]
[Date "2020.07.07"]
[Round "9"]
[White "margarita_2703"]
[Black "ehrenfeld"]
[Result "1/2-1/2"]
[WhiteElo "2396"]
[BlackElo "2517"]
[TimeControl "180+1"]
[EndTime "11:46:56 PDT"]
[Termination "Game drawn by repetition"]

1. Nf3 f5 2. c4 Nf6 3. Nc3 g6 4. d4 Bg7 5. g3 O-O 6. Bg2 d6 7. O-O c6 8. d5 e5 9. dxe6 Bxe6 10. Bf4 Bxc4 11. Qxd6 Qxd6 12. Bxd6 Re8 13. Rfe1 Nbd7 14.
b3 Bf7 15. Rac1 h6 16. b4 Rad8 17. b5 c5 18. a4 Ne4 19. Nxe4 fxe4 20. Nd2 e3 21.
Nf3 exf2+ 22. Kxf2 b6 23. e4 Nf6 24. e5 Ng4+ 25. Kg1 Bd5 26. Rcd1 Bxf3 27. Bxf3 Nxe5 28. Bxe5 Rxd1 29. Rxd1 Bxe5 30. Rd7 Bd4+ 31. Kf1 Re3 32. Bd5+ Kf8 33. Rxa7 Ra3 34. Ra6 Ra1+ 35. Kg2 Ke7 36. Rxb6 Rxa4 37. Rxg6 h5 38. b6 Rb4 39. b7 c4 40.
Bxc4 Rxb7 41. Rh6 Rc7 42. Be2 Rc2 43. Kf1 Rc1+ 44. Kg2 Rc2 45. Kf1 Rc1+ 46. Kg2 Rc2 1/2-1/2

[Event "*** SCC Grand Prix: Titled Tuesday Blitz"]
[Site "Chess.com"]
[Date "2020.07.07"]
[Round "9"]
[White "AccioChess"]
[Black "awesomevishesh"]
[Result "1-0"]
[WhiteElo "2494"]
[BlackElo "2371"]
[TimeControl "180+1"]
[EndTime "11:46:56 PDT"]
[Termination "AccioChess won on time"]

1. e4 c5 2. Nf3 Nc6 3. Nc3 e5 4. Bc4 Be7 5. d3 d6 6. O-O Nf6 7. Ng5 O-O 8. f4 Bg4 9. Qe1 exf4 10. Bxf4 Nd4 11. Qf2 h6 12. Nf3 Nxf3+ 13. gxf3 Bh3 14.
Rfd1 Nh5 15. Be3 Bh4 16. Qd2 Kh7 17. Kh1 f5 18. f4 Qd7 19. a4 fxe4 20. dxe4 Qg4 21.
Rf1 Ng3+ 22. hxg3 Bxg3 23. Nd5 Qh4 24. Kg1 Qg4 25. Qe2 Qh4 26. Qf3 Bxf1 27. Kxf1 g5 28. f5 g4 29. Qg2 Be5 30. Ke2 Qh2 31. Qxh2 Bxh2 32. Rh1 g3 33. Kf3 h5 34. Bf4 h4 35.
Bxd6 Rf7 36. Kg2 Rd7 37. Nf6+ Kg7 38. Nxd7 Rd8 39. Be5+ Kh6 40. Be6 1-0

[Event "*** SCC Grand Prix: Titled Tuesday Blitz"]
[Site "Chess.com"]
[Date "2020.07.07"]
[Round "9"]
[White "TST2014"]
[Black "PowerThinking2650"]
[Result "0-1"]
[WhiteElo "2466"]
[BlackElo "2326"]
[TimeControl "180+1"]
[EndTime "11:46:56 PDT"]
[Termination "PowerThinking2650 won by checkmate"]

1. d4 Nf6 2. c4 g6 3. Nc3 Bg7 4. e4 d6 5. Nf3 O-O 6. Be2 e5 7. O-O Nc6 8. d5 Ne7 9. b4 Nh5 10. g3 a5 11. Ba3 f5 12. Ng5 Nf6 13. Bf3 axb4 14. Bxb4 b6 15. a4 fxe4 16. Ncxe4 Nxe4 17. Bxe4 Nf5 18. Ne6 Bxe6 19. dxe6 Rb8 20. Bc3 Nd4 21.
Bxd4 exd4 22. a5 bxa5 23. Rxa5 Rb2 24. Ra8 Qf6 25. Rxf8+ Kxf8 26. Qg4 Ke7 27. Bd5 d3 28. Qe4 Qd4 29. Qf3 Bf6 30. Rd1 d2 31. Kf1 Rc2 32. Qb3 Rc1 33. Ke2 Qe5+ 34. Kxd2 Bg5+ 35. f4 Bxf4+ 36. gxf4 Qxf4+ 37. Ke2 Qxh2+ 38. Kf1 Qf4+ 39. Bf3 Rxc4 40. Qd3 Rc5 41. Kf2 Rh5 42. Rg1 Rh2+ 43. Rg2 Qh4+ 44. Kg1 Rh1# 0-1

[Event "*** SCC Grand Prix: Titled Tuesday Blitz"]
[Site "Chess.com"]
[Date "2020.07.07"]
[Round "9"]
[White "floplover"]
[Black "Karacsonyi_Gellert"]
[Result "1/2-1/2"]
[WhiteElo "2311"]
[BlackElo "2453"]
[TimeControl "180+1"]
[EndTime "11:46:56 PDT"]
[Termination "Game drawn - insufficient material"]

1. d4 Nf6 2. c4 e6 3. Nc3 Bb4 4. Qc2 O-O 5. a3 Bxc3+ 6. Qxc3 d5 7. Bg5 dxc4 8. Qxc4 b6 9. Nf3 Ba6 10. Qa4 Qd7 11.
Qxd7 Nbxd7 12. e3 Bxf1 13. Kxf1 c5 14. Ke2 cxd4 15. Nxd4 e5 16. Nb5 Ne4 17. Rhd1 Ndc5 18. Be7 Rfc8 19. f3 Nf6 20. Rac1 a6 21. Bxf6 gxf6 22. Nd6 Rd8 23. Ne4 Nxe4 24. fxe4 Rxd1 25. Rxd1 Rc8 26. Rd6 Rc2+ 27. Rd2 Rc6 28. Rd3 Kf8 29. Rc3 Rd6 30. Rc7 Kg7 31. Ra7 b5 32. b4 Rc6 33. Kf3 h5 34. Kg3 Rc3 35. Rxa6 Rxe3+ 36. Kf2 Rxe4 37. Rb6 Rc4 38. Rxb5 Rc2+ 39. Kf3 Rc3+ 40. Ke4 Rxa3 41. Rb7 Rb3 42. b5 Rb4+ 43. Kd5 e4 44. Kc5 Rb2 45. Re7 f5 46. b6 Kf6 47. Re8 Kg5 48.
Kc6 Rxg2 49. b7 Rb2 50. Re5 Rxb7 51. Kxb7 Kf4 52. Re7 e3 53. Rxf7 Kg4 54. Re7 f4 55.
Kc6 Kh3 56. Kd5 Kxh2 57. Ke4 Kg3 58. Rg7+ Kf2 59. Kxf4 e2 60. Re7 h4 61. Kg4 h3 62.
Kxh3 e1=Q 63. Rxe1 Kxe1 1/2-1/2

[Event "*** SCC Grand Prix: Titled Tuesday Blitz"]
[Site "Chess.com"]
[Date "2020.07.07"]
[Round "9"]
[White "N00bM3ster"]
[Black "Iskusnyh"]
[Result "0-1"]
[WhiteElo "2602"]
[BlackElo "2479"]
[TimeControl "180+1"]
[EndTime "11:46:57 PDT"]
[Termination "Iskusnyh won by resignation"]

1. d4 d5 2. c4 c6 3. Nc3 Nf6 4. Bg5 Ne4 5. Nxe4 dxe4 6. Qd2 Na6 7. e3 f6 8. Bh4 e5 9. Ne2 exd4 10. exd4 Be7 11. Nc3 O-O 12. Be2 f5 13. Bxe7 Qxe7 14. O-O f4 15. Rfe1 e3 16. Bf3 exd2 17. Rxe7 Bf5 18.
Rd1 Rae8 19. Rxe8 Rxe8 20. Be2 f3 21. gxf3 Re6 22. Rxd2 Bh3 23. Ne4 Rg6+ 24. Ng3 h5 25. Bd3 Re6 26. Bf1 Re1 27. Re2 Rd1 28. Re5 h4 29.
Rh5 Bxf1 30. Nxf1 Rxd4 31. Ne3 Nb4 32. Nf5 Rxc4 33. Rxh4 Rxh4 34. Nxh4 Nxa2 35. Nf5 Nb4 36. Nd6 b5 37. Kf1 Nd3 38. b3 a5 39. Ke2 Nc1+ 40.
Kd2 Nxb3+ 41. Kc3 a4 42. Nf5 Kf7 43. f4 Kf6 44. Ne3 Nc5 45. f3 Ne6 46. f5 Ng5 47. f4 Ne4+ 48. Kd4 Nd6 49. Kc5 Nxf5 50. Ng4+ Ke6 51. Kxc6 a3 52. Nf2 a2 53. Nd3 a1=Q 54. Nc5+ Ke7 55. Kxb5 Qb2+ 56. Kc6 0-1

[Event "*** SCC Grand Prix: Titled Tuesday Blitz"]
[Site "Chess.com"]
[Date "2020.07.07"]
[Round "9"]
[White "BeanScreen"]
[Black "UKR_Master"]
[Result "1-0"]
[WhiteElo "2581"]
[BlackElo "2334"]
[TimeControl "180+1"]
[EndTime "11:46:57 PDT"]
[Termination "BeanScreen won by checkmate"]

1. e4 c5 2. Nf3 d6 3. d4 cxd4 4.
Nxd4 e5 5. Nb3 Nf6 6. Nc3 Be6 7. Be3 Be7 8. f3 Nc6 9. Qd2 d5 10. exd5 Nxd5 11. Nxd5 Qxd5 12. Qxd5 Bxd5 13. O-O-O Be6 14. Nc5 Bxc5 15. Bxc5 f6 16. Bb5 Kf7 17. Rd6 Rac8 18. Rhd1 Ne7 19. Ba3 Rc7 20. b3 Rhc8 21. c4 Nf5 22. Rd8 Nd4 23. Be8+ Kg8 24. Rxc8 Rxc8 25. Bh5 b5 26. c5 a5 27. b4 axb4 28. Bxb4 Bxa2 29.
Kb2 Bd5 30. Bg4 f5 31. Bxf5 Rf8 32. Bh3 Bc4 33. Bc3 Rd8 34. Re1 Nc6 35. Bxe5 Rd2+ 36. Kc1 Ra2 37. Bb2 b4 38. Re4 Bb5 39. Rf4 g6 40.
Be6# 1-0

[Event "*** SCC Grand Prix: Titled Tuesday Blitz"]
[Site "Chess.com"]
[Date "2020.07.07"]
[Round "9"]
[White "mfwagnerpeixoto"]
[Black "mr65"]
[Result "0-1"]
[WhiteElo "2203"]
[BlackElo "2111"]
[TimeControl "180+1"]
[EndTime "11:46:58 PDT"]
[Termination "mr65 won on time"]

1. e4 e5 2. Nf3 Nc6 3. d4 exd4 4. Bc4 Nf6 5. O-O Nxe4 6. Re1 d5 7. Bxd5 Qxd5 8. Nc3 Qa5 9. Nxe4 Be6 10. Bd2 Bb4 11.
Bxb4 Qxb4 12. Neg5 O-O-O 13. Nxe6 fxe6 14. Rxe6 Rde8 15. Qe2 Kd7 16. Re1 Qxe1+ 17. Qxe1 Rxe6 18. Qd2 Rhe8 19. g3 Kc8 20. Qd3 g6 21. a3 Ne5 22. Nxe5 Rxe5 23. Qxd4 Re1+ 24. Kg2 R1e2 25. c4 Kb8 26. Qd7 Rf8 27. Kh3 Rexf2 28. Qxh7 Rxb2 29. Kg4 Rb6 30. Qe7 Rh8 31. h4 a6 32. a4 Rc6 33. Qf7 Rd8 34.
Kg5 b6 35. g4 Kb7 36. Qf3 Rd4 37. h5 gxh5 38. gxh5 Rd6 39. Qe4 a5 40. h6 Rxh6 41. c5 Re6 42. Qd5 Ka7 43. Kf5 Rxc5 44. Kxe6 Rxd5 45. Kxd5 Kb7 0-1

[Event "*** SCC Grand Prix: Titled Tuesday Blitz"]
[Site "Chess.com"]
[Date "2020.07.07"]
[Round "9"]
[White "Quattroporte300"]
[Black "bratkoo"]
[Result "1-0"]
[WhiteElo "2302"]
[BlackElo "2425"]
[TimeControl "180+1"]
[EndTime "11:46:59 PDT"]
[Termination "Quattroporte300 won by checkmate"]

1. e4 e6 2. d4 d5 3. Nd2 Nf6 4. e5 Nfd7 5. Bd3 c5 6. c3 Nc6 7. Ne2 cxd4 8. cxd4 f6 9. O-O fxe5 10. dxe5 Ndxe5 11. Bb5 Bd6 12. f4 Ng4 13. Nf3 Qb6+ 14. Nfd4 O-O 15. Kh1 Nxd4 16. Nxd4 e5 17. Be2 Qxd4 18.
Bxg4 Qxd1 19. Bxd1 exf4 20. Bb3 Be6 21. Bd2 Rad8 22. Rae1 Rf6 23. Rxe6 Rxe6 24. Bxd5 Kf7 25. g3 Be5 26. Bxe6+ Kxe6 27. Bxf4 Bxf4 28. Rxf4 Rd1+ 29.
Kg2 Rd2+ 30. Rf2 Rxf2+ 31. Kxf2 Kd5 32. Ke3 Ke5 33. h3 h5 34. Kd3 h4 35. gxh4 Kf4 36. h5 Kg3 37. Ke4 Kxh3 38. Kf5 Kh4 39. Kg6 b5 40. b4 Kg4 41. a3 Kh4 42. Kxg7 Kxh5 43.
Kf6 Kg4 44. Ke6 Kf4 45. Kd5 Ke3 46. Kc5 a6 47. Kb6 Kd4 48. Kxa6 Kc4 49. Ka5 Kb3 50.
Kxb5 Kxa3 51. Ka5 Kb3 52. b5 Kc4 53. b6 Kc5 54. b7 Kc6 55. b8=Q Kd7 56. Qb6 Kc8 57.
Kb5 Kd7 58. Kc5 Kc8 59. Qh6 Kb7 60. Qg6 Ka7 61. Kb5 Kb7 62. Qg7+ Kc8 63. Kc6 Kd8 64. Qd7# 1-0

[Event "*** SCC Grand Prix: Titled Tuesday Blitz"]
[Site "Chess.com"]
[Date "2020.07.07"]
[Round "9"]
[White "InitiatingASC"]
[Black "pavelalexandru07"]
[Result "0-1"]
[WhiteElo "2323"]
[BlackElo "2191"]
[TimeControl "180+1"]
[EndTime "11:47:00 PDT"]
[Termination "pavelalexandru07 won on time"]

1. Nf3 c5 2. b3 d5 3. Bb2 f6 4. e3 Nc6 5. c4 e6 6. cxd5 Qxd5 7.
Be2 Nge7 8. O-O Ng6 9. d3 Be7 10. a3 O-O 11. Nbd2 Kh8 12. Qc2 b6 13. Rfe1 Bb7 14. Rad1 Rac8 15. Qb1 e5 16. Bf1 Na5 17. Bc3 Nc6 18. Nc4 b5 19. e4 Qd7 20. Ne3 Nd4 21. Bxd4 cxd4 22. Nc2 Rc3 23. Qb2 Rfc8 24. Rc1 Qe6 25.
Na1 Nf4 26. Rxc3 Rxc3 27. Rd1 h5 28. Nh4 Qg4 29. Nf3 h4 30. Rd2 h3 31. Ne1 hxg2 32.
Bxg2 Bc8 33. Kh1 Qg6 34. b4 Bh3 35. Bf3 Qg5 36. Nb3 Kh7 37. Nc5 Bxc5 38. bxc5 Rxc5 39. Rc2 Rxc2 40. Qxc2 Ne6 41. Qc8 Qd2 42. Ng2 Nf4 43.
Qc7 Qxf2 44. Qc1 Bxg2+ 0-1

[Event "*** SCC Grand Prix: Titled Tuesday Blitz"]
[Site "Chess.com"]
[Date "2020.07.07"]
[Round "9"]
[White "Vesper2018"]
[Black "chegueps"]
[Result "0-1"]
[WhiteElo "2539"]
[BlackElo "2433"]
[TimeControl "180+1"]
[EndTime "11:47:01 PDT"]
[Termination "chegueps won on time"]

1. e4 e6 2. d4 d5 3. Nc3 Nf6 4. e5 Nfd7 5. f4 c5 6. Nf3 Nc6 7. Be3 Qb6 8. Na4 Qa5+ 9. c3 b6 10. a3 c4 11. b4 cxb3 12. Qxb3 Ba6 13. Kf2 Be7 14. Nb2 Bxf1 15. Rhxf1 O-O 16. g4 f6 17. Kg3 Qa6 18. Qc2 Rac8 19. exf6 Nxf6 20. Ng5 Na5 21.
Kg2 Rc6 22. f5 Nxg4 23. Bf4 e5 24. dxe5 Bxg5 25. Bxg5 Nxe5 26. Rae1 Ng4 27. h3 Nf6 28. Re6 Ne4 29. Rxe4 dxe4 30. Qxe4 Rxc3 31. f6 Qb7 32.
Qxb7 Nxb7 33. Rf2 gxf6 34. Bh6 Re8 35. Nd1 Rc6 36. Ne3 Nd6 37. Ng4 Ne4 38. Re2 f5 39. Ne3 Kf7 40. Nxf5 Nf6 41. Rf2 Kg6 0-1